 Dungeon Crawl Stone Soup version 0.29.1-2-gbd0b4ee654 (webtiles) character file.

Game seed: 2211167860456695962

694 safid the Shooter (level 7, -2/66 HPs)
             Began as a Minotaur Hunter on Nov 1, 2022.
             Was a Follower of Okawaru.
             Slain by a bullfrog (9 damage)
             ... on level 6 of the Dungeon.
             The game lasted 00:07:53 (3897 turns).

safid the Shooter (Minotaur Hunter)                 Turns: 3897, Time: 00:07:53

Health: -2/66      AC: -7    Str: 16    XL:     7   Next: 37%
Magic:  6/6        EV: 12    Int:  6    God:    Okawaru [*.....]
Gold:   269        SH:  0    Dex: 15    Spells: 6/6 levels left

rFire   . . .      SeeInvis .   a - +0 shortbow
rCold   . . .      Faith    .   (shield currently unavailable)
rNeg    + . .      Spirit   .   c - +0 leather armour
rPois   .          Reflect  .   (helmet restricted)
rElec   .          Harm     .   x - +0 cloak
rCorr   .          Rampage  .   b - +0 pair of gloves
Will    +....                   (no boots)
Stlth   +.........              (no amulet)
HPRegen 0.21/turn               i - ring of positive energy
MPRegen 0.10/turn               u - ring of willpower

@: corroded
A: horns 2, retaliatory headbutt
a: Renounce Religion, Heroism


You were on level 6 of the Dungeon.
You worshipped Okawaru.
Okawaru was aware of your devotion.
You visited 1 branch of the dungeon, and saw 6 of its levels.
You also visited: Sewer.

You collected 269 gold pieces.

Inventory:

Hand Weapons
 a - a +0 shortbow (weapon)
Armour
 b - a +0 pair of gloves (worn)
 c - a +0 leather armour (worn)
 x - a +0 cloak (worn)
Jewellery
 i - a ring of positive energy (left hand)
 u - a ring of willpower (right hand)
Wands
 n - a wand of flame (24)
Scrolls
 e - 7 scrolls of identify {unknown}
 g - 3 scrolls of amnesia {unknown}
 h - 2 scrolls of enchant armour {unknown}
 j - 2 scrolls of butterflies {unknown}
 o - 2 scrolls of teleportation {unknown}
 q - a scroll of poison {unknown}
 r - 2 scrolls of summoning {unknown}
 t - a scroll of brand weapon {unknown}
 y - a scroll of noise {unknown}
Potions
 d - 2 potions of magic {unknown}
 f - 3 potions of mutation {unknown}
 k - a potion of lignification {unknown}
 l - a potion of ambrosia {unknown}
 p - 2 potions of degeneration {unknown}
 s - 4 potions of brilliance {unknown}
 v - 2 potions of invisibility {unknown}
 w - 2 potions of cancellation {unknown}
 z - a potion of flight {unknown}


   Skills:
 + Level 7.2 Fighting
 + Level 7.7 Ranged Weapons
 - Level 2.1 Dodging
 - Level 0.7 Stealth


You had 6 spell levels left.
You didn't know any spells.
Your spell library contained the following spells:

 Spells                   Type           Power      Damage    Failure   Level
 Apportation              Tloc           0%         N/A       52%         1
 Foxfire                  Conj/Fire      0%         2x1d4     52%         1
 Passwall                 Tmut/Erth      0%         N/A       67%         2
 Sublimation of Blood     Necr           0%         N/A       67%         2
 Conjure Flame            Conj/Fire      0%         6-21      88%         3
 Inner Flame              Hex/Fire       0%         N/A       88%         3
 Flame Wave               Conj/Fire      0%         2d4       99%         4
 Passage of Golubria      Tloc           0%         N/A       99%         4
 Petrify                  Tmut/Erth      0%         N/A       99%         4
 Alistair's Intoxication  Tmut/Pois      0%         N/A       100%        5
 Blade Hands              Tmut           0%         N/A       100%        5
 Borgnjor's Vile Clutch   Necr/Erth      0%         N/A       100%        5
 Irradiate                Conj/Tmut      0%         3d11      100%        5
 Silence                  Hex/Air        0%         N/A       100%        5
 Yara's Violent Unravell  Hex/Tmut       0%         3d3       100%        5
 Dragon Form              Tmut           0%         N/A       100%        7
 Orb of Destruction       Conj           0%         9d5       100%        7
 Lehudib's Crystal Spear  Conj/Erth      0%         10d2      100%        8
 Tukima's Dance           Hex            Unusable   N/A       N/A         3

Dungeon Overview and Level Annotations

Branches:
Dungeon (6/15)             Temple (0/1) D:4           Sewer (visited)

Altars:
Okawaru
Vehumet
Zin

Annotations:
D:5 Menkaure


Innate Abilities, Weirdness & Mutations

You have a pair of horns on your head.
You reflexively headbutt those who attack you in melee.


Message History

You climb downwards.
Found an escape hatch in the floor.
There is a stone staircase leading up here.
You feel much better. The jelly barely misses you.
Fire: a) +0 shortbow
Press: ? - help, Q - select action, (/) - cycle Shift-Dir - straight line, f - jelly
Aim: a jelly (severely wounded, 91% to hit)
You shoot an arrow. The arrow completely misses the jelly.
You hear a loud, deep croak!
A bullfrog comes into view.
The bullfrog barely misses you. The jelly misses you.
Fire: a) +0 shortbow
Press: ? - help, Q - select action, (/) - cycle Shift-Dir - straight line, f/p - jelly
Aim: a jelly (severely wounded, 91% to hit)
You shoot an arrow. The arrow hits the jelly!
You kill the jelly!
Okawaru accepts your kill. The bullfrog hits you!
The bullfrog closely misses you. You furiously retaliate!
You headbutt the bullfrog, but do no damage.
Fire: a) +0 shortbow
Press: ? - help, Q - select action, (/) - cycle Shift-Dir - straight line, f - bullfrog
Aim: a bullfrog (59% to hit)
You shoot an arrow. The arrow closely misses the bullfrog.
The bullfrog hits you.
Unknown command.
Fire: a) +0 shortbow
Press: ? - help, Q - select action, (/) - cycle Shift-Dir - straight line, f/p - bullfrog
Aim: a bullfrog (59% to hit)
You shoot an arrow. The arrow barely misses the bullfrog.
The bullfrog hits you!
* * * LOW HITPOINT WARNING * * *
The bullfrog hits you.
* * * LOW HITPOINT WARNING * * *
Fire: a) +0 shortbow
Press: ? - help, Q - select action, (/) - cycle Shift-Dir - straight line, f/p - bullfrog
Aim: a bullfrog (59% to hit)
You shoot an arrow. The arrow closely misses the bullfrog.
The bullfrog hits you!
You die...

## .. .##
>.# ###.#
#####
#.F.#......
#@..# #####


You could see a bullfrog.

Vanquished Creatures
  2 ogres (D:4)
  2 scorpions
  3 jellies
  A hound (D:4)
  An iguana (D:4)
  Ijyb (D:3)
  Jessica (D:2)
  Natasha (twice) (D:4)
  5 adders
  2 river rats (Sewer)
  A white imp (D:3)
  5 worms
  A dart slug (D:1)
  2 orcs
  14 ball pythons
  7 bats
  22 endoplasms
  7 giant cockroaches (Sewer)
  2 goblins
  6 hobgoblins
  6 kobolds
  A quokka (D:2)
  4 frilled lizards
  16 rats
114 creatures vanquished.

Vanquished Creatures (others)
  A plant (D:5)
1 creature vanquished.

Grand Total: 115 creatures vanquished

Notes
Turn   | Place    | Note
-------+----------+-------------------------------------------
     0 | D:1      | safid the Minotaur Hunter began the quest for the Orb.
     0 | D:1      | Reached XP level 1. HP: 18/18 MP: 0/0
   118 | D:1      | Reached XP level 2. HP: 25/25 MP: 1/1
   494 | D:1      | Found a faded altar of an unknown god.
   670 | D:1      | Reached skill level 5 in Ranged Weapons
   670 | D:1      | Reached XP level 3. HP: 31/31 MP: 2/2
   932 | D:2      | Noticed Jessica
   939 | D:2      | Killed Jessica
   940 | D:2      | Reached XP level 4. HP: 39/40 MP: 3/3
  1463 | D:3      | Found a glowing silver altar of Zin.
  1468 | D:3      | Noticed Ijyb
  1481 | D:3      | Killed Ijyb
  1695 | D:3      | Reached XP level 5. HP: 47/47 MP: 4/4
  2193 | D:4      | Got the Incunable of Bolts and the Geologist
  2217 | D:4      | Found an iron altar of Okawaru.
  2226 | D:4      | Became a worshipper of Warmaster Okawaru
  2291 | D:4      | Noticed Natasha
  2312 | D:4      | Killed Natasha
  2313 | D:4      | Reached skill level 5 in Fighting
  2432 | D:4      | Found a glowing drain.
  2450 | Sewer    | Entered a sewer
  2641 | Sewer    | Reached XP level 6. HP: 56/56 MP: 5/5
  2827 | Sewer    | Reached * piety under Okawaru
  2835 | Sewer    | Found a viscous altar of Jiyva.
  2966 | D:4      | Found a radiant altar of Vehumet.
  2967 | D:4      | Noticed Natasha
  2978 | D:4      | Killed Natasha
  3192 | D:4      | Found a staircase to the Ecumenical Temple.
  3258 | D:4      | Reached XP level 7. HP: 64/64 MP: 6/6
  3765 | D:5      | Entered Level 5 of the Dungeon
  3867 | D:5      | Noticed Menkaure
  3897 | D:6      | Slain by a bullfrog

Illustrated notes

Levels and vault maps discovered:
D:1:      dpeg_arrival_windows_large_door, layout_basic,
          hellmonk_ecumenical_altar_lost_god, dreamdust_princess_bridge,
          hangedman_glass_teeth, chequers_serial_rivers_micro_a,
          dreamdust_wishing_well
D:2:      layout_rooms, kennysheep_jessica_study
D:3:      layout_loops_ring, nicolae_overflow_crystal_walls, uniq_ijyb
D:4:      layout_basic, okawaru_ov_weapons_minmay, fiery_altar_vehumet,
          temple_green, cheibrodos_sewer_entry_bend, uniq_natasha
D:5:      layout_basic, tgw_kikubaaqudgha, gammafunk_ghost_nasty_kobolds,
          serial_bayou_pond_b, nicolae_concentric_dashed_squares_wild,
          chequers_serial_rivers_micro_b, uniq_menkaure, uniq_blork_the_orc,
          uniq_sigmund
D:6:      layout_basic, makhleb_altar_promises_db, uniq_edmund, uniq_pikel,
          uniq_maggie

Skill      XL: |  1  2  3  4  5  6  7 |
---------------+----------------------+-----
Fighting       | 3 4 5 6 7 |  7.2
Ranged Weapons | 5 6 7 |  7.7
Dodging        | |  2.1
Stealth        | |  0.7

Action                   |  1- 3 |  4- 6 |  7- 9 || total
-------------------------+-------+-------+-------++-------
 Fire: Shortbow          |    64 |   234 |    50 ||   348
  Use: Potion            |       |       |     3 ||     3
Armor: Leather armour    |     4 |    14 |     6 ||    24
Dodge: Dodged            |     8 |    45 |    23 ||    76
